 Dungeon Crawl Stone Soup version 0.13.1-20-gf50ca03 (webtiles) character file.

747 Kae the Insei (level 7, -3/52 HPs)
             Began as a Grey Draconian Transmuter on Dec 31, 2013.
             Was a Follower of Sif Muna.
             Killed by divine providence
             ... invoked by an orc priest
              (11 damage)
             ... on Level 4 of the Dungeon.
             The game lasted 00:10:43 (5514 turns).

Kae the Insei (Grey Draconian Transmuter)           Turns: 5514, Time: 00:10:43

HP  -3/52        AC 11     Str 12      XL: 7   Next:  6%
MP  12/13        EV 12     Int 14      God: Sif Muna [*.....]
Gold 201         SH  0     Dex 16      Spells:  2 memorised, 10 levels left

Res.Fire  : . . .   See Invis. : .     - Unarmed
Res.Cold  : . . .   Warding    : .   (armour unavailable)
Life Prot.: . . .   Conserve   : .   (no shield)
Res.Poison: .       Res.Corr.  : .   (helmet restricted)
Res.Elec. : .       Clarity    : .   (no cloak)
Sust.Abil.: . .     Spirit.Shd : .   (no gloves)
Res.Mut.  : .       Stasis     : .   (no boots)
Res.Rott. : .       Flight     : .   (no amulet)
Saprovore : . . .                    (no ring)
                                     s - +3 ring of dexterity

@: appendage, slightly resistant to hostile enchantments, unstealthy
A: walk through water, unfitting armour, horns 2, unbreathing, AC +11
a: End Transformation, Channel Energy, Renounce Religion


You were on level 4 of the Dungeon.
You worshipped Sif Muna.
Sif Muna was aware of your devotion.
You were very hungry.
You had grown temporary horns.
You visited 1 branch of the dungeon, and saw 4 of its levels.

You collected 181 gold pieces.

Inventory:

Missiles
 b - 68 arrows
 B - 16 arrows of frost
Armour
 D - a +0 buckler
Magical devices
 n - a wand of frost (0)
Comestibles
 a - 6 bread rations
 h - a meat ration
 l - an apple
Scrolls
 c - 5 scrolls of remove curse {unknown}
 f - a scroll of enchant armour {unknown}
 g - a scroll of magic mapping {unknown}
 i - 2 scrolls of enchant weapon I {unknown}
 j - 2 scrolls of fog {unknown}
 o - a scroll of recharging {unknown}
 r - 2 scrolls of identify {unknown}
 u - a scroll of curse jewellery {unknown}
 y - a scroll of fear {unknown}
 A - a scroll of blinking {unknown}
Jewellery
 s - a +3 ring of dexterity (left hand)
 w - an uncursed amulet of warding {unknown}
 x - a +4 ring of evasion {unknown}
Potions
 e - a potion of speed
 k - a potion of curing {unknown}
 m - a potion of brilliance {unknown}
 p - a potion of poison {unknown}
 q - a potion of paralysis {unknown}
 v - 2 potions of heal wounds
 z - a potion of degeneration {unknown}
Books
 d - a book of Changes

   Spells                             Type                      Level
   *Beastly Appendage                 Transmutation                1
   *Sticks to Snakes                  Transmutation                2
   Spider Form                        Transmutation/Poison         3
   Ice Form                           Ice/Transmutation            4
   Blade Hands                        Transmutation                5
Magical staves
 C - an uncursed staff of cold


   Skills:
 - Level 1.1 Fighting
 - Level 1.7 Dodging
 * Level 5.6 Unarmed Combat
 + Level 3.6 Spellcasting
 * Level 5.0 Transmutations


You had 10 spell levels left.
You knew the following spells:

 Your Spells              Type           Power        Failure   Level  Hunger
a - Beastly Appendage     Trmt           ###...       2%          1    None
b - Sticks to Snakes      Trmt           ###.......   4%          2    ##.....


Dungeon Overview and Level Annotations

Branches:
Dungeon (4/27)             Temple (0/1) D:4

Altars:
Sif Muna


Innate Abilities, Weirdness & Mutations

You can walk through water.
Your dull iron-grey scales are very hard (AC +11).
Your body does not fit into most forms of armour.
Your cold-blooded metabolism reacts poorly to cold.
You can survive without breathing.
You have a pair of horns on your head.


Message History

The magic dart hits you!
The orc hits you with an orcish hand axe.
* * * LOW HITPOINT WARNING * * *
The orc hits you with an orcish mace.
* * * LOW HITPOINT WARNING * * *
The orc wizard casts a spell at you. The puff of flame hits you!
One of your 3 scrolls labeled BEIGYI STIYM catches fire!
* * * LOW HITPOINT WARNING * * *
The orc hits you but does no damage.
The orc wizard points at you and mumbles some strange words.
The magic dart hits you!
* * * LOW HITPOINT WARNING * * *
You hit the orc priest.
You headbutt the orc priest, but do no damage.
Your tail-slap misses the orc priest.
The orc priest is lightly wounded.
The orc priest invokes the aid of Beogh against you.
Something smites you!
You die...

#.......# #...........#
#......# #.......#
#...........# #.g..>..
........# #...........#
#....... ........#
#...........# #.......
........# #...........#
#.###... ........#
#..)........# #.# #...
........# #..).o......#
#.# #... ........#
#....o......# #.# #...
........# #...oo@.....#
#.# #... ........#
#.....o.....# #.# #...
........# #...........#
#.# #... ........#
#...........# #.# #...
........# #...........#
#.# #..[ ........#
#...........# #.# #...
........#
#...........####.###...
........#
#......................
#########
######################


You could see an orc priest, an orc wizard and 3 orcs.

Vanquished Creatures
  A phantom (D:4)
  A centaur (D:3)
  An orc wizard (D:4)
  A worker ant (D:4)
  A scorpion (D:4)
  Jessica (D:2)
  4 gnolls (D:4)
  4 adders
  A worm (D:3)
  2 oozes
  5 orcs
  9 bats
  4 giant cockroaches
  6 goblins
  9 hobgoblins
  11 jackals
  8 kobolds
  2 quokkas (D:3)
  A ball python (D:1)
  A giant newt skeleton (D:4)
  A goblin skeleton (D:4)
  A quokka skeleton (D:4)
  7 rats
82 creatures vanquished.

Vanquished Creatures (collateral kills)
  The ghost of Kae the Insei, an average DrTm (D:3)
  An ogre (D:3)
  A scorpion (D:4)
3 creatures vanquished.

Grand Total: 85 creatures vanquished

Notes
Turn   | Place    | Note
--------------------------------------------------------------
     0 | D:1      | Kae, the Draconian Transmuter, began the quest for the Orb.
     0 | D:1      | Reached XP level 1. HP: 16/16 MP: 1/1
   205 | D:1      | Reached XP level 2. HP: 15/23 MP: 3/3
  1143 | D:2      | Learned a level 2 spell: Sticks to Snakes
  1166 | D:2      | Reached XP level 3. HP: 25/28 MP: 4/4
  1405 | D:2      | Found a deep blue altar of Sif Muna.
  1451 | D:2      | Noticed Jessica
  1464 | D:2      | Became a worshipper of Sif Muna the Loreminder
  1477 | D:2      | Killed Jessica
  1865 | D:2      | Reached XP level 4. HP: 35/35 MP: 6/6
  2010 | D:3      | Noticed Kae's ghost (average DrTm)
  2481 | D:3      | Killed Kae's ghost
  2481 | D:3      | Reached skill level 4 in Unarmed Combat
  2481 | D:3      | Reached XP level 5. HP: 4/40 MP: 1/8
  2689 | D:3      | Noticed a centaur
  2708 | D:3      | Killed a centaur
  3326 | D:4      | Noticed an ogre
  3428 | D:3      | Killed an ogre
  3428 | D:3      | Reached XP level 6. HP: 39/47 MP: 5/10
  4122 | D:3      | Reached skill level 5 in Unarmed Combat
  4346 | D:4      | Found a staircase to the Ecumenical Temple.
  5031 | D:4      | Noticed a phantom
  5097 | D:4      | Killed a phantom
  5097 | D:4      | Acquired Sif Muna's first power
  5097 | D:4      | Reached skill level 5 in Transmutations
  5097 | D:4      | Your scales start taking on a dull iron-grey colour.
  5097 | D:4      | Gained mutation: You can survive without breathing. [draconian maturity]
  5097 | D:4      | Reached XP level 7. HP: 8/52 MP: 13/13
  5514 | D:4      | Killed from afar by an orc priest

Action                   |  1- 3 |  4- 6 |  7- 9 || total
-------------------------+-------+-------+-------++-------
Melee: Unarmed           |   185 |   253 |     8 ||   446
 Cast: Beastly Appendage |     2 |    12 |     2 ||    16
       Sticks to Snakes  |       |    13 |       ||    13
Evoke: Wand              |       |     5 |       ||     5
  Use: Potion            |     2 |     2 |       ||     4
 Stab: Distracted        |       |     1 |       ||     1
